 Dungeon Crawl Stone Soup version 0.29-a0-982-gaed3a0c8d8 (webtiles) character file.

Game seed: 1471503976109767692

1689 leavemydog the Cleaver (level 9, -5/75 HPs)
             Began as a Hill Orc Fighter on Aug 1, 2022.
             Was a Follower of Okawaru.
             Slain by a wyvern (9 damage)
             ... on level 6 of the Dungeon.
             The game lasted 00:08:06 (6327 turns).

leavemydog the Cleaver (Hill Orc Fighter)           Turns: 6327, Time: 00:08:07

Health: -5/75      AC: 11    Str: 21    XL:     9   Next: 2%
Magic:  9/9        EV:  9    Int: 10    God:    Okawaru [*.....]
Gold:   415        SH:  4    Dex: 10    Spells: 8/8 levels left

rFire   . . .      SeeInvis .   a - +0 war axe
rCold   . . .      Faith    .   c - +0 buckler
rNeg    . . .      Spirit   .   b - +0 scale mail
rPois   .          Reflect  .   E - +0 helmet
rElec   .          Harm     .   u - +0 cloak
rCorr   .          Rampage  .   C - +0 pair of gloves {hurl}
Will    .....                   (no boots)
Stlth   ..........              (no amulet)
HPRegen 0.22/turn               (no ring)
MPRegen 0.11/turn               (no ring)

@: about to teleport
A: no striking features
a: Renounce Religion, Heroism


You were on level 6 of the Dungeon.
You worshipped Okawaru.
Okawaru was aware of your devotion.
You visited 2 branches of the dungeon, and saw 8 of its levels.

You collected 415 gold pieces.

Inventory:

Hand Weapons
 a - a +0 war axe (weapon)
 v - a +2 quarterstaff of chaos
Missiles
 l - a throwing net
 w - 3 javelins (quivered)
Armour
 b - a +0 scale mail (worn)
 c - a +0 buckler (worn)
 u - a +0 cloak (worn)
 C - a +0 pair of gloves of hurling (worn)
 E - a +0 helmet (worn)
Wands
 n - a wand of digging (20)
 D - a wand of flame (6)
Scrolls
 g - a scroll of amnesia {unknown}
 h - a scroll of fog {unknown}
 i - 2 scrolls of summoning {unknown}
 m - 3 scrolls of vulnerability
 o - 2 scrolls of teleportation
 p - a scroll of magic mapping {unknown}
 q - 2 scrolls of torment {unknown}
 r - a scroll of fear {unknown}
 s - a scroll of immolation {unknown}
 x - a scroll of enchant armour {unknown}
 y - a scroll of enchant weapon {unknown}
Potions
 d - 2 potions of might
 e - a potion of flight {unknown}
 f - 5 potions of mutation
 j - 2 potions of ambrosia
 k - 3 potions of brilliance
 t - a potion of attraction {unknown}
 A - 2 potions of lignification
 B - a potion of haste {unknown}


   Skills:
 + Level 5.7 Fighting
 * Level 12.2 Axes
 + Level 5.7 Armour
 + Level 4.3 Shields


You had 8 spell levels left.
You didn't know any spells.
Your spell library was empty.

Dungeon Overview and Level Annotations

Branches:
Dungeon (7/15)             Temple (1/1) D:5

Altars:
Ashenzari
Cheibriados
Dithmenos
Elyvilon
Fedhas
Kikubaaqudgha
Nemelex Xobeh
Okawaru
Qazlal
Ru
Sif Muna
Trog
Uskayaw
Vehumet
Wu Jian
Xom
Yredelemnul
Zin
The Shining One

Shops:
D:1 (   D:3 :


Message History

The bullfrog barely misses you. The bullfrog attacks as you move away!
The bullfrog hits you.
* * * LOW HITPOINT WARNING * * *
You block the wyvern's attack. The bullfrog barely misses you.
The wyvern bites you!
* * * LOW HITPOINT WARNING * * *
The wyvern attacks as you move away! The wyvern barely misses you.
The bullfrog hits you but does no damage.
The bullfrog attacks as you move away!
The bullfrog hits you but does no damage.
The wyvern barely misses you.
You feel better. You block the bullfrog's attack. The wyvern barely misses you.
The bullfrog completely misses you. The wyvern attacks as you move away!
The wyvern bites you but does no damage.
The bullfrog attacks as you move away! The bullfrog completely misses you.
The wyvern bites you.
* * * LOW HITPOINT WARNING * * *
The bullfrog hits you but does no damage.
The wyvern bites you!
* * * LOW HITPOINT WARNING * * *
You block the bullfrog's attack. The bullfrog attacks as you move away!
The bullfrog hits you but does no damage.
You feel better. You block the bullfrog's attack.
The wyvern closely misses you. The bullfrog hits you.
* * * LOW HITPOINT WARNING * * *
The wyvern barely misses you. The wyvern attacks as you move away!
The wyvern barely misses you. The bullfrog hits you!
* * * LOW HITPOINT WARNING * * *
You block the wyvern's attack.
There is a stone staircase leading up here.
The wyvern misses you.
You climb upwards.
There is a stone staircase leading down here.
As you read the scroll of teleportation, it crumbles to dust.
You feel strangely unstable. The wyvern bites you!
You die...

...#......#....##..## #.........
.#....##.##.........# #....>....
.####..#.##.........####...##.###
.# ##.#.##................<..# #
.# #....................##..# # .#
###.#......#.......#.##..# # .#
#.#...####.....#...##..### .#
#.....####...#.##........# .#
###....^...@..........#...## .#
#.....##...l.........#..###.
.#####......................##ยง#.
................########.....###.
.......[.................####.###
.####...#...###.########....#.# #
## #......## #...# ##.#...# #
##....### ###.# #.##..# ##....##
####### #.##..#


You could see a wyvern.

Vanquished Creatures
  A steam dragon (D:7)
  2 water moccasins
  A sky beast (D:6)
  2 phantoms
  A bullfrog (D:4)
  A necrophage (D:6)
  5 scorpions
  3 howler monkeys (D:7)
  A jelly (D:6)
  Crazy Yiuf (D:3)
  4 hounds
  2 iguanas
  Natasha (thrice) (D:3)
  2 orc wizards
  Robin (D:3)
  3 gnolls (D:6)
  4 adders
  A shadow imp (D:7)
  2 white imps
  3 ufetubi
  2 worms
  9 orcs
  11 ball pythons
  5 bats
  3 endoplasms
  2 giant cockroaches
  17 goblins
  10 hobgoblins
  3 jackals (D:1)
  4 kobolds
  2 quokkas
  6 frilled lizards
117 creatures vanquished.

Vanquished Creatures (others)
  2 plants (D:1)
2 creatures vanquished.

Grand Total: 119 creatures vanquished

Notes
Turn   | Place    | Note
-------+----------+-------------------------------------------
     0 | D:1      | leavemydog the Hill Orc Fighter began the quest for the
                  | Orb.
     0 | D:1      | Reached XP level 1. HP: 19/19 MP: 1/1
    62 | D:1      | Reached skill level 3 in Axes
    62 | D:1      | Reached XP level 2. HP: 13/27 MP: 2/2
   616 | D:1      | Found Qax Olit's Weapon Emporium.
   788 | D:1      | Reached XP level 3. HP: 29/33 MP: 3/3
   876 | D:1      | Found a faded altar of an unknown god.
  1205 | D:2      | Reached skill level 4 in Axes
  1539 | D:2      | Reached XP level 4. HP: 40/40 MP: 4/4
  1922 | D:3      | Noticed Robin
  1934 | D:3      | Reached skill level 5 in Axes
  1934 | D:3      | Killed Robin
  2094 | D:3      | Noticed Natasha
  2099 | D:3      | Killed Natasha
  2100 | D:3      | Reached XP level 5. HP: 42/46 MP: 5/5
  2205 | D:3      | Found a basalt altar of Yredelemnul.
  2207 | D:3      | Noticed a profane servitor
  2216 | D:3      | Found a glowing golden altar of the Shining One.
  2269 | D:3      | Found a runed translucent door.
  2270 | D:3      | Noticed Crazy Yiuf
  2376 | D:3      | Noticed Natasha
  2390 | D:3      | Killed Natasha
  2391 | D:3      | Reached skill level 6 in Axes
  2494 | D:3      | Found a shadowy altar of Dithmenos.
  2600 | D:3      | Found Xeraockeblo's Book Boutique.
  2623 | D:3      | Noticed Natasha
  2633 | D:3      | Killed Natasha
  2698 | D:3      | Noticed an angel
  2751 | D:3      | Killed Crazy Yiuf
  2933 | D:4      | Reached skill level 7 in Axes
  2933 | D:4      | Reached XP level 6. HP: 51/52 MP: 6/6
  3349 | D:4      | Reached skill level 8 in Axes
  3566 | D:5      | Entered Level 5 of the Dungeon
  3728 | D:5      | Reached XP level 7. HP: 52/60 MP: 7/7
  4097 | D:5      | Reached skill level 9 in Axes
  4374 | D:5      | Found a staircase to the Ecumenical Temple.
  4601 | D:5      | Reached skill level 5 in Fighting
  4601 | D:5      | Reached skill level 10 in Axes
  4716 | Temple   | Entered the Ecumenical Temple
  4754 | Temple   | Became a worshipper of Warmaster Okawaru
  5020 | D:6      | Reached XP level 8. HP: 40/68 MP: 8/8
  5303 | D:6      | Found a snail-covered altar of Cheibriados.
  5666 | D:6      | Reached skill level 11 in Axes
  5670 | D:6      | Reached * piety under Okawaru
  5719 | D:6      | Reached skill level 5 in Armour
  5910 | D:6      | Found an ornate altar of the Wu Jian Council.
  6032 | D:6      | Found a sparkling altar of Nemelex Xobeh.
  6042 | D:6      | Found a hide-covered altar of Uskayaw.
  6254 | D:7      | Noticed a wraith
  6264 | D:7      | Reached skill level 12 in Axes
  6275 | D:7      | Reached XP level 9. HP: 44/75 MP: 9/9
  6275 | D:7      | Noticed a cyclops
  6323 | D:7      | HP: 3/75 [bullfrog (7)]
  6327 | D:6      | Slain by a wyvern

Illustrated notes

Levels and vault maps discovered:
D:1:      psy_arrival_heroes, layout_loops_ring,
          hellmonk_ecumenical_altar_run_dry, serial_shops, shop_statue,
          serial_bayou_lagoon_a, kennysheep_another_room,
          chequers_serial_rivers_small_a, minmay_distorted
D:2:      layout_rooms, minmay_misc_feat_roman, kennysheep_generic_room_9
D:3:      layout_rooms, grunt_temple_overflow_holy_war,
          mainiacjoe_overflow_paths, serial_shops,
          nicolae_shop_advertising_works [nicolae_subvault_shop_adworks],
          uniq_robin, uniq_natasha, uniq_crazy_yiuf_cottage
D:4:      layout_loops_ring
D:5:      layout_gridville, temple_hall, due_unseen_surprise
D:6:      layout_rooms, pdpol_wu_jian_five_deadly_venoms, cheibriados_altar_1,
          minitemple
D:7:      minmay_chambers_of_sixes, layout_cave_pools,
          mainiacjoe_overflow_cross_hatched, worldfamousw_hep_ancestral_shrine,
          st_stairs_10, grunt_ministairs_4, david_defended_altar_orc
Temple:   nicolae_temple_ecumenical_triangle

Skill      XL: |  1  2  3  4  5  6  7  8 |
---------------+-------------------------+-----
Axes           | 3 4 5 7 8 10 12 | 12.2
Fighting       | 4 5 |  5.7
Armour         | 4 5 |  5.7
Shields        | 4 |  4.3

Action                   |  1- 3 |  4- 6 |  7- 9 || total
-------------------------+-------+-------+-------++-------
Melee: War axe           |   123 |   131 |   172 ||   426
  Use: Scroll            |       |     1 |     6 ||     7
       Potion            |       |     1 |     2 ||     3
Armor: Scale mail        |    58 |    68 |    77 ||   203
Dodge: Dodged            |    61 |    66 |    84 ||   211
Block: Buckler           |    31 |    36 |    43 ||   110

Table legend: (Time is in decaauts)
 A = Elapsed time spent in this place.
 B = Non-inter-level travel time spent in this place.
 C = Inter-level travel time spent in this place.
 D = Time resting spent in this place.
 E = Time spent auto-exploring this place.
 F = Levels seen in this place.
 G = Mean time per level.
                   A        B        C        D        E       F      G
               +--------+--------+--------+--------+--------+-----+--------+
         Total |   6462 |   6113 |    349 |    958 |   4175 |   8 |  807.8 |
       Dungeon |   6417 |   6076 |    341 |    958 |   4157 |   7 |  916.7 |
        Temple |     45 |     38 |      7 |      0 |     18 |   1 |   45.0 |
               +--------+--------+--------+--------+--------+-----+--------+

Top non-repeatable levels by time:
     D:5: 1343 daAuts
     D:1: 1236 daAuts
     D:6: 1125 daAuts
     D:3: 1061 daAuts
     D:4: 754 daAuts
     D:2: 644 daAuts
     D:7: 250 daAuts
  Temple: 45 daAuts
